 Dungeon Crawl Stone Soup version 0.27-b1-2-g8387495791 (webtiles) character file.

Game seed: 7622522391621720200

76 pikapanic the Chopper (level 4, -4/34 HPs)
             Began as a Demonspawn Gladiator on July 26, 2021.
             Was a Follower of Kikubaaqudgha.
             Slain by Robin (5 damage)
             ... on level 2 of the Dungeon.
             The game lasted 00:08:27 (2378 turns).

pikapanic the Chopper (Demonspawn Gladiator)        Turns: 2378, Time: 00:08:33

Health: -4/34      AC: 12    Str: 15 (16) XL:     4   Next: 12%
Magic:  4/4        EV:  6    Int:  8 (9)  God:    Kikubaaqudgha [*.....]
Gold:   43         SH:  0    Dex: 12 (14) Spells: 3/3 levels left

rFire    . . .     SeeInvis .   a - +0 war axe
rCold    . . .     Faith    .   (no shield)
rNeg     . . .     Spirit   .   m - +0 plate armour
rPois    .         Reflect  .   c - +0 helmet
rElec    .         Harm     .   (no cloak)
rCorr    .         Rampage  .   (no gloves)
Will     .....                  k - +0 pair of boots
Stlth    ..........             (no amulet)
HPRegen  0.11/turn              (no ring)
MPRegen  0.09/turn              (no ring)

@: no status effects
A: repulsion field 1
a: Renounce Religion, Receive Corpses


You were on level 2 of the Dungeon.
You worshipped Kikubaaqudgha.
Kikubaaqudgha was aware of your devotion.
You visited 1 branch of the dungeon, and saw 2 of its levels.

You collected 108 gold pieces.
You spent 65 gold pieces at shops.

Inventory:

Hand Weapons
 a - a +0 war axe (weapon)
 e - a +0 whip
Missiles
 d - 3 throwing nets (quivered)
Armour
 b - a +0 leather armour
 c - a +0 helmet (worn)
 f - a +0 scale mail
 h - a +0 scale mail
 k - a +0 pair of boots (worn)
 m - a +0 plate armour (worn)
Scrolls
 l - 3 scrolls of identify {unknown}
 o - a scroll of brand weapon {unknown}
Potions
 i - a potion of ambrosia {unknown}
 j - a potion of mutation {unknown}
 n - 2 potions of curing {unknown}
 p - 2 potions of invisibility {unknown}
 q - a potion of flight {unknown}


   Skills:
 + Level 2.5 Fighting
 + Level 3.9 Axes
 + Level 1.8 Throwing
 + Level 0.8 Armour
 + Level 2.9 Dodging
 + Level 0.1 Stealth


You had 3 spell levels left.
You didn't know any spells.
Your spell library contained the following spells:

 Spells                   Type           Power      Damage    Failure   Level
 Animate Skeleton         Necr           0%         N/A       100%        1
 Beastly Appendage        Tmut           0%         N/A       100%        1
 Pain                     Necr           0%         1d4       100%        1
 Sublimation of Blood     Necr           0%         N/A       100%        2
 Wereblood                Tmut           0%         N/A       100%        2
 Spider Form              Tmut/Pois      0%         N/A       100%        3
 Vampiric Draining        Necr           0%         2d6       100%        3


Dungeon Overview and Level Annotations

Branches:
Dungeon (2/15)

Altars:
Kikubaaqudgha
Ru

Shops:
D:2 ![

Annotations:
D:2 Robin


Innate Abilities, Weirdness & Mutations

You are surrounded by a mild repulsion field. (EV +2)


Message History

You feel sick.
* * * LOW HITPOINT WARNING * * *
You feel sick.
You feel much better.
You feel sick. The goblin barely misses you.
You hit the goblin.
You kill the goblin!
Kikubaaqudgha accepts your kill.
You feel sick. Robin hits you with a +0 club.
You hit Robin but do no damage.
You feel sick. Robin hits you but does no damage.
You hit Robin.
Robin is lightly wounded.
You feel sick. Robin hits you with a +0 club.
You barely miss Robin.
Robin is lightly wounded.
You feel sick.
You are no longer poisoned.
Robin hits you but does no damage.
Your plate armour prevents you from hitting Robin.
Robin is lightly wounded.
Robin roars a battlecry!
The hobgoblin goes into a battle-frenzy!
Robin hits you with a +0 club!
You hit Robin.
Robin is lightly wounded.
The goblin no longer looks unusually strong.
Robin hits you with a +0 club.
* * * LOW HITPOINT WARNING * * *
You barely miss Robin.
Robin is lightly wounded.
The hobgoblin no longer looks unusually strong.
Robin hits you with a +0 club.
* * * LOW HITPOINT WARNING * * *
It was a potion of degeneration.
There was something very wrong with that liquid.
You feel weakened.
You feel dopey.
You feel clumsy.
Robin says, "My goblins will feast on your bones."
Robin hits you with a +0 club.
You die...
Kikubaaqudgha rasps: "You have failed me!
Welcome... death!"

##### #.#.####.####.#
###...## #.#.#.)'.'..#.#
#.#.#..# #.#.#..#.#..#.#
#..∩...# #.#.##'#.##'#.#
#.#.#..###.#............
#.#..†.'...#.##'#.##'#.#
#.##...#####.#..#.#..#†#
#.##...#####.#⌠.#.#(.'.+
#.##...@ggg#.####.####.#
#.########g#............
#†# #)############# #.#


#gg #.# ##.. #.# #.. #.# ... #.# ...♣ #.# ..♣ You could see Robin (strong), 2
hobgoblins and a goblin.

Vanquished Creatures
  2 adders
  A worm (D:2)
  A dart slug (D:2)
  4 bats
  7 endoplasms
  2 giant cockroaches
  12 goblins
  3 hobgoblins (D:2)
  3 jackals (D:1)
  A quokka (D:2)
  A ball python (D:2)
  A frilled lizard (D:1)
  4 kobolds
  3 rats (D:1)
45 creatures vanquished.

Vanquished Creatures (others)
  2 plants (D:1)
2 creatures vanquished.

Grand Total: 47 creatures vanquished

Notes
Turn   | Place    | Note
-------+----------+-------------------------------------------
     0 | D:1      | pikapanic the Demonspawn Gladiator began the quest for the
                  | Orb.
     0 | D:1      | Reached XP level 1. HP: 16/16 MP: 1/1
   550 | D:1      | Gained mutation: You are surrounded by a mild repulsion
                  | field. (EV +2) [demonic ancestry]
   550 | D:1      | Reached XP level 2. HP: 19/22 MP: 2/2
   699 | D:1      | Reached skill level 3 in Axes
   796 | D:1      | Found a faded altar of an unknown god.
  1184 | D:1      | Became a worshipper of Kikubaaqudgha
  1184 | D:1      | Reached * piety under Kikubaaqudgha
  1184 | D:1      | Received a gift from Kikubaaqudgha
  1520 | D:1      | Reached XP level 3. HP: 13/28 MP: 3/3
  1908 | D:2      | Found a sacrificial altar of Ru.
  2117 | D:2      | Found Iwisauh's Armour Boutique.
  2268 | D:2      | Found Eczuj's Distillery.
  2278 | D:2      | Bought a potion of heal wounds for 65 gold pieces
  2349 | D:2      | Noticed Robin
  2356 | D:2      | Reached XP level 4. HP: 33/34 MP: 4/4
  2377 | D:2      | HP: 1/34 [Robin (5)]
  2378 | D:2      | Slain by Robin

Illustrated notes

Levels and vault maps discovered:
D:1:      zelgadis_glass_arrival_small, layout_loops_corners,
          basic_ecumenical_altar, serial_bayou_pond_a
D:2:      minmay_door_path, layout_basic, serial_shops, shop_statue,
          nicolae_shop_crystal, basic_altar, wad_floor_pattern_untrapped,
          uniq_crazy_yiuf_cottage, uniq_robin

Skill      XL: |  1  2 |
---------------+-------+-----
Axes           | 3 |  3.9
Fighting       | |  2.5
Throwing       | |  1.8
Armour         | |  0.8
Dodging        | |  2.9
Stealth        | |  0.1

Action                   |  1- 3 |  4- 6 || total
-------------------------+-------+-------++-------
Melee: War axe           |   106 |    17 ||   123
  Use: Potion            |       |     2 ||     2
Armor: Leather armour    |    10 |       ||    10
       Scale mail        |    36 |       ||    36
       Plate armour      |    17 |    13 ||    30
Dodge: Dodged            |    80 |     5 ||    85
